 Dungeon Crawl Stone Soup version 0.27.0-1-g7a089689b8 (webtiles) character file.

Game seed: 13107288827853568148

161 freelancePsychic the Magician (level 5, 0/39 HPs)
             Began as a Djinni Hedge Wizard on Aug 3, 2021.
             Slain by an ogre (18 damage)
             ... on level 3 of the Dungeon.
             The game lasted 00:05:03 (4255 turns).

freelancePsychic the Magician (Djinni Hedge Wizard) Turns: 4255, Time: 00:05:04

Health: 0/39       AC:  7    Str:  9    XL:     5   Next: 70%
Gold:   194        EV: 12    Int: 17    God:
                   SH:  0    Dex: 12

rFire    + + +     SeeInvis .   a - +0 dagger
rCold    x . .     Faith    .   (no shield)
rNeg     . . .     Spirit   .   b - +0 robe
rPois    ∞         Reflect  .   c - +0 hat
rElec    .         Harm     .   (no cloak)
rCorr    .         Rampage  .   h - +0 pair of gloves
Will     .....                  (boots unavailable)
Stlth    ++........             (no amulet)
HPRegen  0.13/turn              g - +4 ring of protection
MPRegen  0.00/turn              d - ring of protection from fire

@: flying
A: sickness immunity, fire resistance 2, cold vulnerability 1, float, innate
caster, hp casting, extra vitality 1
a: no special abilities


You were on level 3 of the Dungeon.
You visited 1 branch of the dungeon, and saw 4 of its levels.

You collected 194 gold pieces.

Inventory:

Hand Weapons
 a - a +0 dagger (weapon)
Armour
 b - a +0 robe (worn)
 c - a +0 hat (worn)
 h - a +0 pair of gloves (worn)
Jewellery
 d - a ring of protection from fire (right hand)
 g - a +4 ring of protection (left hand)
Scrolls
 f - a scroll of teleportation {unknown}
 i - a scroll of fear {unknown}
 k - a scroll of immolation {unknown}
Potions
 e - a potion of mutation {unknown}
 j - a potion of brilliance {unknown}
 l - a potion of cancellation {unknown}


   Skills:
 + Level 2.5 Fighting
 - Level 2.1 Dodging
 + Level 1.7 Stealth
 * Level 4.0 Spellcasting


You couldn't memorise any spells.
You knew the following spells:

 Your Spells              Type           Power      Damage    Failure   Level
a - Magic Dart            Conj           68%        1d6       3%          1
b - Call Imp              Summ           17%        N/A       4%          2
c - Blink                 Tloc           N/A        N/A       4%          2
d - Slow                  Hex            17%        N/A       4%          2
e - Mephitic Cloud        Conj/Pois/Air  17%        N/A       9%          3
f - Conjure Flame         Conj/Fire      17%        6-21      9%          3
g - Summon Small Mammal   Summ           68%        N/A       3%          1
h - Ensorcelled Hibernat  Hex/Ice        34%        N/A       4%          2
Your spell library was empty.

Dungeon Overview and Level Annotations

Branches:
Dungeon (4/15)
 Temple: D:4-7

Altars:
Okawaru

Annotations:
D:4 Ijyb


Innate Abilities, Weirdness & Mutations

You are immune to sickness and miasma.
You are immune to poison.
Your flesh is very heat resistant. (rF++)
You are vulnerable to cold. (rC-)
You float through the air rather than walking.
You learn spells naturally, not from books.
Your magical power is your life essence.
You have superior vitality. (+4 HP)


Message History

The stinking cloud engulfs the ogre but does no damage.
The goblin hits you but does no damage.
The ogre is engulfed in noxious fumes.
The ogre appears confused.
You catch the helpless ogre completely off-guard!
You hit the ogre.
The ogre is lightly wounded.
The goblin misses you.
The ogre is engulfed in noxious fumes.
The ogre appears confused.
The ogre misses you.
You catch the helpless ogre completely off-guard!
You hit the ogre.
The ogre is moderately wounded.
The goblin closely misses you.
The ogre is engulfed in noxious fumes.
The ogre appears confused.
The ogre misses you.
You hit the ogre but do no damage.
The ogre is moderately wounded.
The goblin hits you but does no damage.
You hit the ogre.
The ogre is heavily wounded.
The ogre is engulfed in noxious fumes.
The ogre hits you with a +0 giant club! The goblin hits you but does no damage.
Casting: Mephitic Cloud (dangerous; 9% risk of failure)
Confirm with . or Enter, or press ? or * to list all spells.
Aiming: Mephitic Cloud (dangerous; 9% risk of failure)
Press: ? - help, Shift-Dir - straight line, f - goblin
Aim: a goblin, wielding a +0 dagger (chance to affect: 96%)
Okay, then.
Casting: Mephitic Cloud (dangerous; 9% risk of failure)
Confirm with . or Enter, or press ? or * to list all spells.
Aiming: Slow (safe; 4% risk of failure)
Press: ? - help, Shift-Dir - straight line, f - ogre
Aim: an ogre, wielding a +0 giant club (heavily wounded, confused, chance to affect: 54%)
The ogre seems to slow down.
The goblin closely misses you.
You hit the ogre.
The ogre is heavily wounded.
The goblin hits you with a +0 dagger.
You barely miss the ogre.
The ogre is heavily wounded.
The goblin completely misses you.
The ogre hits you with a +0 giant club!!
You die...

# #.........# ####.# .
#...###'#.# #....# #...# #.#.#
#.#### ##### #.#.# #.# ##
#...# ##.# .#
#########..###<.# .#
#...........##[.# .#
##........g..##..# .#
#.........O@.##..###### .#
#.........#.†##.......# .#
#........##..#.....##.# .#
#........##..#####.##.#
######†.......##........##.#
.........>....##.#########.###
#######.......##.....†.......#
#.......################
#########


You could see an ogre (confused, slow) and a goblin.

Vanquished Creatures
  An ogre (D:4)
  Robin (D:4)
  A howler monkey skeleton (D:4)
  An adder (D:3)
  2 dart slugs (D:2)
  An orc (D:3)
  7 endoplasms
  2 giant cockroaches (D:2)
  11 goblins
  7 hobgoblins
  7 jackals
  5 kobolds
  2 quokkas (D:3)
  4 ball pythons
  4 bats
  13 frilled lizards
  4 rats
73 creatures vanquished.

Vanquished Creatures (collateral kills)
  An endoplasm (D:4)
1 creature vanquished.

Vanquished Creatures (others)
  2 fungi (D:2)
  3 plants (D:3)
5 creatures vanquished.

Grand Total: 79 creatures vanquished

Notes
Turn   | Place    | Note
-------+----------+-------------------------------------------
     0 | D:1      | freelancePsychic the Djinni Hedge Wizard began the quest
                  | for the Orb.
     0 | D:1      | Reached XP level 1. HP: 15/15 MP: 0/0
   741 | D:1      | Reached XP level 2. HP: 22/22 MP: 0/0
   934 | D:1      | Found a faded altar of an unknown god.
   991 | D:1      | Reached skill level 1 in Fighting
  1488 | D:2      | Found an iron altar of Okawaru.
  1507 | D:2      | Reached XP level 3. HP: 25/27 MP: 0/0
  1507 | D:2      | Learned a level 1 spell: Summon Small Mammal
  1511 | D:2      | Reached skill level 3 in Spellcasting
  2480 | D:2      | Reached XP level 4. HP: 29/32 MP: 0/0
  3296 | D:3      | Noticed a phantom
  3311 | D:4      | Noticed Robin
  3410 | D:4      | Noticed an ogre
  3419 | D:4      | Killed an ogre
  3420 | D:4      | Reached XP level 5. HP: 29/39 MP: 0/0
  3420 | D:4      | Learned a level 2 spell: Ensorcelled Hibernation
  3448 | D:4      | Noticed an ogre
  3674 | D:4      | Killed Robin
  3844 | D:4      | Noticed an ogre
  3851 | D:4      | Noticed a water moccasin
  3852 | D:4      | Noticed Ijyb
  4131 | D:4      | Reached skill level 4 in Spellcasting
  4255 | D:3      | Slain by an ogre

Illustrated notes

Levels and vault maps discovered:
D:1:      dpeg_arrival_rhombus, layout_basic, chequers_ecumenical_altar_twisty,
          feat_on_display
D:2:      layout_loops_ring, basic_altar, minmay_misc_feat_rows, st_stairs_5,
          uniq_crazy_yiuf_cottage
D:3:      layout_basic, minmay_lizard_king, uniq_jessica, uniq_sigmund
D:4:      layout_rooms, gammafunk_ghost_smash, chequers_decorated_corner,
          uniq_ijyb, uniq_robin

Skill      XL: |  1  2  3  4  5 |
---------------+----------------+-----
Fighting       | 1 2 |  2.5
Spellcasting   | 3 4 |  4.0
Dodging        | |  2.1
Stealth        | |  1.7

Action                   |  1- 3 |  4- 6 || total
-------------------------+-------+-------++-------
Melee: Dagger            |    24 |    24 ||    48
 Cast: Magic Dart        |    99 |    66 ||   165
       Call Imp          |       |     4 ||     4
       Mephitic Cloud    |       |     6 ||     6
       Slow              |       |     2 ||     2
       Ensorcelled Hiber |       |     2 ||     2
 Stab: Confused          |       |     2 ||     2
       Sleeping          |       |     2 ||     2
Armor: Robe              |    15 |    12 ||    27
Dodge: Dodged            |    23 |    44 ||    67
